 Dungeon Crawl Stone Soup version 0.29.0-4-gdea44cf6ec (webtiles) character file.

Game seed: 17784186477091062519

193 qw the Chopper (level 5, -7/41 HPs)
             Began as a Demonspawn Cinder Acolyte on Sept 9, 2022.
             Was an Elder of Ignis.
             Mangled by an iguana (10 damage)
             ... on level 4 of the Dungeon.
             The game lasted 00:01:09 (4338 turns).

qw the Chopper (Demonspawn Cinder Acolyte)          Turns: 4338, Time: 00:01:10

Health: -7/41      AC:  7    Str: 16    XL:     5   Next: 44%
Magic:  0/6        EV: 13    Int: 15    God:    Ignis [****..]
Gold:   158        SH:  0    Dex:  9    Spells: 6/6 levels left

rFire   + . .      SeeInvis .   (weapon currently unavailable)
rCold   . . .      Faith    .   (shield currently unavailable)
rNeg    . . .      Spirit   +   (body armour currently unavailable)
rPois   .          Reflect  .   (helmet currently unavailable)
rElec   .          Harm     .   (cloak currently unavailable)
rCorr   .          Rampage  .   (gloves currently unavailable)
Will    .....                   (boots currently unavailable)
Stlth   +.........              e - amulet of guardian spirit
HPRegen 0.13/turn               (ring currently unavailable)
MPRegen 0.10/turn               (ring currently unavailable)

@: pig-form (expiring), fiery-armoured, very quick
A: fast, no casting, small, (weakness stinger 1)
a: Renounce Religion, Fiery Armour, Foxfire Swarm, Rising Flame


You were on level 4 of the Dungeon.
You worshipped Ignis.
Ignis was greatly pleased with you.
You were a filthy swine.
You visited 1 branch of the dungeon, and saw 4 of its levels.

You collected 158 gold pieces.


Innate Abilities, Weirdness & Mutations

You are a filthy swine.
You move quickly.
Your equipment is almost entirely melded.
You are incapable of wielding weapons or throwing items.
You cannot cast spells.
((You have a small tail.))


   Skills:
 - Level 3.0 Fighting
 + Level 5.2 Axes
 - Level 1.1 Armour
 - Level 1.3 Dodging
 - Level 1.0 Spellcasting
 - Level 2.6 Fire Magic


You had 6 spell levels left.
You didn't know any spells.
Your spell library contained the following spells:

 Spells                   Type           Power      Damage    Failure   Level
 Scorch                   Fire           16%        2d6       12%         2

Inventory:

Hand Weapons
 c - a -1 hand axe of flaming
 Y - a +0 war axe (melded)
Armour
 a - a +1 pair of gloves (melded)
 d - the +4 ring mail of the Curious Artisans (melded) {-Cast rElec Dex+6 SInv}
   (You found it on level 2 of the Dungeon)

   Dex:       It affects your dexterity (+6).
   rElec:     It insulates you from electricity.
   SInv:      It lets you see invisible.
   -Cast:     It prevents spellcasting.
 h - a +0 plate armour
Jewellery
 e - an amulet of guardian spirit (around neck)
Scrolls
 b - a scroll of identify
Potions
 f - a potion of magic {unknown}
 g - 3 potions of curing
 i - a potion of heal wounds {unknown}
 j - a potion of brilliance {unknown}
 k - a potion of berserk rage {unknown}

Dungeon Overview and Level Annotations

Branches:
Dungeon (4/15)
 Temple: D:4-7

Altars:

Shops:
D:2 (

Annotations:
D:4 Blork the orc


Message History

You hit the iguana but do no damage.
The iguana is lightly wounded.
The iguana bites you.
You closely miss the iguana.
The iguana is lightly wounded.
The iguana misses you.
You hit the iguana.
The iguana is moderately wounded.
The iguana barely misses you.
You hit the iguana but do no damage.
The iguana is moderately wounded.
The iguana bites you!
You hit the iguana.
The iguana is heavily wounded.
The iguana closely misses you.
You hit the iguana but do no damage.
The iguana is heavily wounded.
The iguana bites you!
4335 ||| INVOKING Fiery Armour.
A protective cloak of flame settles atop you.
Blork the orc hits you with a +0 short sword.
Blork the orc is burned by your cloak of flames.
Blork the orc is lightly wounded.
The iguana bites you.
The iguana is burned by your cloak of flames.
The iguana is heavily wounded.
You closely miss the iguana.
The iguana is heavily wounded.
Blork the orc gestures at you while chanting.
The puff of flame hits you. You resist. The iguana closely misses you.
You hit the iguana but do no damage.
The iguana is heavily wounded.
Blork the orc hits you with a +0 short sword.
Blork the orc is burned by your cloak of flames.
Blork the orc is moderately wounded.
You barely miss the iguana.
The iguana is heavily wounded.
Your transformation is almost over.
The iguana bites you!
You die...

#......# 7 7......# ~~
7.....# ..# ~~~7.....#
...#..... ~~~~.....#
...#....###+# ~~~~7....#
...#....#...#
~~~~P~...###..#..<.#...#
~~.7lh...#..#....#...#
......o....#..#....#...#
...........'..+....#'###
..~.PP~P...#..#..<......
~~~P~7~~..##..###'#.....
~~PP7~....#...#...#.....
7P~~~.....#...#...#.....
7777......#+####..#.....
#......#...##..#.....


You could see Blork the orc and an iguana.

Vanquished Creatures
  2 orc priests
  Ijyb (D:4)
  An orc wizard (D:2)
  An adder (D:2)
  3 worms
  A dart slug (D:3)
  5 orcs
  8 endoplasms
  2 giant cockroaches (D:3)
  10 goblins
  4 hobgoblins
  2 quokkas
  4 ball pythons
  5 bats
  4 frilled lizards
  2 kobolds
  8 rats
63 creatures vanquished.

Vanquished Creatures (others)
  A fungus (D:2)
  2 plants (D:4)
3 creatures vanquished.

Grand Total: 66 creatures vanquished

Notes
Turn   | Place    | Note
-------+----------+-------------------------------------------
     0 | D:1      | qw the Demonspawn Cinder Acolyte began the quest for the
                  | Orb.
     0 | D:1      | Reached XP level 1. HP: 18/18 MP: 2/2
     0 | D:1      | 0 ||| qw: Version: 0.1-a-113-g051387a
     0 | D:1      | 0 ||| qw: Game counter: 7009
     0 | D:1      | 0 ||| qw: Always use a shield: true
     0 | D:1      | 0 ||| qw: God list: Okawaru
     0 | D:1      | 0 ||| qw: Allow faded altars: false
     0 | D:1      | 0 ||| qw: Do Orc after D:15 true
     0 | D:1      | 0 ||| qw: Do second Lair branch before Depths: true
     0 | D:1      | 0 ||| qw: Lair rune preference: random
     0 | D:1      | 0 ||| qw: Plans: Normal
     0 | D:1      | 0 ||| PLANNING D:1-11
   101 | D:1      | Reached skill level 3 in Axes
   163 | D:1      | Gained mutation: You have a small tail. [demonic ancestry]
   163 | D:1      | Reached XP level 2. HP: 21/24 MP: 3/3
   270 | D:1      | 270 ||| INVOKING Fiery Armour.
   524 | D:1      | 524 ||| Stepping ~*~*~tactically~*~*~ (stealth).
   756 | D:1      | 756 ||| Stepping ~*~*~tactically~*~*~ (stealth).
  1318 | D:1      | 1318 ||| UPGRADING to +0 leather armour.
  1328 | D:1      | 1328 ||| DROPPING +0 robe.
  1329 | D:1      | 1329 ||| READING 2 scrolls labelled UMPEIM HAUDIL.
  1330 | D:1      | 1330 ||| DRINKING 2 coppery potions.
  1331 | D:1      | 1331 ||| DROPPING scroll of fear.
  1332 | D:1      | 1332 ||| DROPPING potion of flight.
  1371 | D:2      | 1371 ||| INVOKING Fiery Armour.
  1373 | D:2      | HP: 6/24 [worm (2)]
  1624 | D:2      | Reached XP level 3. HP: 29/29 MP: 4/4
  1742 | D:2      | 1742 ||| FLEEEEING.
  1743 | D:2      | 1743 ||| FLEEEEING.
  1744 | D:2      | 1744 ||| FLEEEEING.
  1745 | D:2      | 1745 ||| FLEEEEING.
  1746 | D:2      | 1746 ||| FLEEEEING.
  1747 | D:2      | 1747 ||| FLEEEEING.
  1748 | D:2      | 1748 ||| FLEEEEING.
  1749 | D:2      | 1749 ||| FLEEEEING.
  1750 | D:2      | 1750 ||| FLEEEEING.
  1751 | D:2      | 1751 ||| FLEEEEING.
  1752 | D:2      | 1752 ||| FLEEEEING.
  1753 | D:2      | 1753 ||| FLEEEEING.
  1754 | D:2      | 1754 ||| FLEEEEING.
  1755 | D:2      | 1755 ||| FLEEEEING.
  1756 | D:2      | 1756 ||| FLEEEEING.
  1757 | D:2      | 1757 ||| FLEEEEING.
  1758 | D:2      | 1758 ||| FLEEEEING.
  1759 | D:2      | 1759 ||| FLEEEEING.
  1760 | D:2      | 1760 ||| FLEEEEING.
  1761 | D:2      | 1761 ||| FLEEEEING.
  1762 | D:2      | 1762 ||| FLEEEEING.
  1763 | D:2      | 1763 ||| FLEEEEING.
  1764 | D:2      | 1764 ||| FLEEEEING.
  1765 | D:2      | 1765 ||| FLEEEEING.
  1766 | D:2      | 1766 ||| FLEEEEING.
  1767 | D:2      | 1767 ||| FLEEEEING.
  1768 | D:2      | 1768 ||| FLEEEEING.
  1769 | D:2      | 1769 ||| FLEEEEING.
  1770 | D:2      | 1770 ||| FLEEEEING.
  1771 | D:2      | 1771 ||| FLEEEEING.
  1772 | D:2      | 1772 ||| FLEEEEING.
  1773 | D:2      | 1773 ||| FLEEEEING.
  1774 | D:2      | 1774 ||| FLEEEEING.
  1775 | D:2      | 1775 ||| FLEEEEING.
  1776 | D:2      | 1776 ||| FLEEEEING.
  1852 | D:2      | 1852 ||| Stepping ~*~*~tactically~*~*~ (stealth).
  1860 | D:2      | 1860 ||| Stepping ~*~*~tactically~*~*~ (hiding).
  1862 | D:2      | 1862 ||| Stepping ~*~*~tactically~*~*~ (hiding).
  1864 | D:2      | 1864 ||| INVOKING Fiery Armour.
  1869 | D:2      | Reached skill level 4 in Axes
  1873 | D:2      | Reached skill level 1 in Dodging
  1873 | D:2      | Reached XP level 4. HP: 34/35 MP: 5/5
  1939 | D:2      | Found Siomis's Weapon Boutique.
  2017 | D:2      | Identified the +4 ring mail of the Curious Artisans {-Cast
                  | rElec Dex+6 SInv}
  2598 | D:2      | Found a faded altar of an unknown god.
  3275 | D:2      | 3275 ||| UPGRADING to +0 pair of gloves.
  3280 | D:2      | 3280 ||| UPGRADING to +0 ring mail.
  3290 | D:2      | 3290 ||| UPGRADING to +0 chain mail.
  3300 | D:2      | 3300 ||| DROPPING +0 ring mail.
  3301 | D:2      | 3301 ||| UPGRADING to +4 ring mail of the Curious Artisans
                  | {-Cast rElec Dex+6 SInv}.
  3311 | D:2      | 3311 ||| DROPPING +0 chain mail.
  3312 | D:2      | 3312 ||| DROPPING +0 leather armour.
  3313 | D:2      | 3313 ||| READING scroll labelled VAWKOKLERA.
  3314 | D:2      | 3314 ||| DRINKING 4 white potions.
  3880 | D:3      | Reached XP level 5. HP: 26/41 MP: 6/6
  3883 | D:3      | 3883 ||| INVOKING Fiery Armour.
  3887 | D:3      | Reached skill level 5 in Axes
  4072 | D:3      | 4072 ||| SWAPPING to +0 war axe.
  4142 | D:3      | 4142 ||| UPGRADING to amulet of guardian spirit.
  4147 | D:3      | 4147 ||| READING 2 scrolls labelled SOTHRO VIEPTOFED.
  4148 | D:3      | 4148 ||| READING scroll of enchant armour.
  4148 | D:3      | 4148 ||| ENCHANTING +0 pair of gloves.
  4149 | D:3      | 4149 ||| READING scroll labelled SAIRCH KOIT.
  4173 | D:4      | Noticed Ijyb
  4174 | D:4      | 4174 ||| Stepping ~*~*~tactically~*~*~ (hiding).
  4189 | D:4      | Killed Ijyb
  4190 | D:4      | Reached skill level 1 in Armour
  4325 | D:4      | Noticed Blork the orc
  4335 | D:4      | 4335 ||| INVOKING Fiery Armour.
  4335 | D:4      | HP: 9/41 [Blork the orc/+0 short sword (3)]
  4337 | D:4      | HP: 3/41 [Blork the orc/+0 short sword (2)]
  4338 | D:4      | Mangled by an iguana

Levels and vault maps discovered:
D:1:      dpeg_arrival_subterranean_lakeside_camping, layout_basic
D:2:      layout_basic, shapermc_ecumenical_altar_rom_forum, serial_shops,
          nicolae_shop_bloodbath_and_beyond
D:3:      layout_rooms, elyvilon_altar_3
D:4:      layout_gridville, makhleb_altar_promises_db, serial_bayou,
          serial_bayou_pond_e, serial_bayou_pond_a, serial_bayou_ford_a,
          serial_bayou_pond_b, serial_bayou_crossing, uniq_edmund,
          uniq_blork_the_orc, uniq_ijyb

Skill      XL: |  1  2  3  4  5 |
---------------+----------------+-----
Axes           | 3 4 5 |  5.2
Dodging        | 1 |  1.3
Armour         | 1 |  1.1
Fighting       | |  3.0
Spellcasting   | |  1.0
Fire Magic     | |  2.6

Action                   |  1- 3 |  4- 6 || total
-------------------------+-------+-------++-------
Melee: Hand axe          |    83 |    85 ||   168
       Tailslap          |     6 |    13 ||    19
       War axe           |       |    10 ||    10
       Unarmed           |       |    10 ||    10
Throw: Boomerang         |    16 |       ||    16
Invok: Fiery Armour      |     3 |     2 ||     5
  Use: Scroll            |     1 |     4 ||     5
       Potion            |     1 |     1 ||     2
Armor: Robe              |     5 |       ||     5
       Leather armour    |    13 |     4 ||    17
       Ring mail         |       |    21 ||    21
Dodge: Dodged            |    41 |    33 ||    74

Table legend:
 A = Non-vault XP
 B = Vault XP
 C = Vault XP percentage of total XP
 D = Non-vault monster count
 E = Vault monster count
 F = Vault count percentage of total count
                 A         B        C        D         E       F
            +---------+---------+-------+---------+---------+-------
      Total |     233 |      44 |  15.9 |      56 |       7 |  11.1
            +---------+---------+-------+---------+---------+-------
        D:1 |      25 |       8 |  24.2 |      16 |       6 |  27.3
        D:2 |     123 |       0 |   0.0 |      18 |       0 |   0.0
        D:3 |      83 |       0 |   0.0 |      21 |       0 |   0.0
        D:4 |       2 |      36 |  94.7 |       1 |       1 |  50.0
            +---------+---------+-------+---------+---------+-------
